[Event "ICC Open 2015"]
[Site "Internet Chess Club"]
[Date "2015.05.30"]
[Round "1"]
[White "ibarra"]
[Black "sakram07"]
[Result "1-0"]
[ICCResult "Black checkmated"]
[WhiteElo "2734"]
[BlackElo "1873"]
[Opening "French: Winawer, advance, Bogolyubov variation"]
[ECO "C17"]
[NIC "FR.10"]
[Time "14:04:24"]
[TimeControl "180+0"]

1. e4 e6 2. d4 d5 3. Nc3 Bb4 4. e5 c5 5. Bd2 cxd4 6. Nb5 Bxd2+ 7. Qxd2 Nc6
8. f4 Nge7 9. Nd6+ Kf8 10. Nf3 Nf5 11. Nxf5 exf5 12. Nxd4 Nxd4 13. Qxd4 Be6
14. O-O-O g6 15. Kb1 Kg7 16. Be2 Qb6 17. Qxb6 axb6 18. Bf3 Rhd8 19. Rd4 Ra5
20. Rhd1 Rc5 21. c4 Ra8 22. cxd5 Bd7 23. d6 Rca5 24. Bxb7 R8a7 25. Bd5 Rc5
26. Rc1 Raa5 27. Rxc5 Rxc5 28. a3 Kf8 29. g3 Ke8 30. Bb3 Be6 31. Bxe6 fxe6
32. Rb4 b5 33. a4 bxa4 34. Rb8+ Kd7 35. Rb7+ Kd8 36. Rxh7 Rc4 37. Re7 Re4
38. Rxe6 Re2 39. Rxg6 Rxh2 40. e6 Rd2 41. Rg8# {Black checkmated} 1-0

[Event "ICC Open 2015"]
[Site "Internet Chess Club"]
[Date "2015.05.30"]
[Round "1"]
[White "gsvc"]
[Black "AnpedODV"]
[Result "1-0"]
[ICCResult "Black resigns"]
[WhiteElo "2621"]
[BlackElo "1888"]
[Opening "Sicilian: Nimzovich-Rossolimo attack (with ...g6, without ...d6)"]
[ECO "B31"]
[NIC "SI.31"]
[Time "14:04:38"]
[TimeControl "180+0"]

1. e4 c5 2. Nf3 Nc6 3. Bb5 g6 4. Bxc6 bxc6 5. O-O Bg7 6. Re1 e5 7. b4 cxb4
8. a3 b3 9. cxb3 Ne7 10. Bb2 d6 11. d4 exd4 12. Bxd4 f6 13. b4 O-O 14. Qb3+
Kh8 15. Nbd2 Bd7 16. h3 Qc8 17. Rac1 Be6 18. Qd3 Qd7 19. Red1 Rfd8 20. Be3
a5 21. Nd4 axb4 22. axb4 Bf7 23. Nc4 Rab8 24. Bf4 Rxb4 25. Nxd6 Nc8 26. Nxc6
Rb3 27. Nxf7+ Qxf7 28. Qxd8+ {Black resigns} 1-0

[Event "ICC Open 2015"]
[Site "Internet Chess Club"]
[Date "2015.05.30"]
[Round "1"]
[White "noyb"]
[Black "faust"]
[Result "0-1"]
[ICCResult "White resigns"]
[WhiteElo "1980"]
[BlackElo "3233"]
[Opening "King's Indian: Torre attack"]
[ECO "A48"]
[NIC "QP.01"]
[Time "14:04:32"]
[TimeControl "180+0"]

1. d4 Nf6 2. Nf3 g6 3. Bg5 Bg7 4. Nbd2 O-O 5. e4 d5 6. e5 Ne4 7. Bh4 c5 8.
c3 Nc6 9. a3 Bg4 10. Be2 cxd4 11. cxd4 Qb6 12. Nb3 Rac8 13. O-O a5 14. h3
Bxf3 15. gxf3 a4 16. fxe4 axb3 17. exd5 Nxd4 18. Bd3 Bxe5 19. Kg2 Qd6 20.
Be4 Rc2 21. Bxc2 Qxd5+ 22. f3 bxc2 23. Qd3 Rc8 24. Bg5 Qb3 25. Qe4 Qxb2 26.
Rac1 Nb3 27. f4 Nxc1 28. fxe5 Nd3 29. Qxd3 c1=Q+ {White resigns} 0-1

[Event "ICC Open 2015"]
[Site "Internet Chess Club"]
[Date "2015.05.30"]
[Round "1"]
[White "pierredams"]
[Black "sebaslojano"]
[Result "1-0"]
[ICCResult "Black resigns"]
[WhiteElo "1991"]
[BlackElo "1170"]
[Opening "French: Réti (Spielmann) variation"]
[ECO "C00"]
[NIC "FR.01"]
[Time "14:04:35"]
[TimeControl "180+0"]

1. e4 e6 2. b3 d5 3. Bb2 c5 4. Bb5+ Bd7 5. Qe2 Nc6 6. exd5 Be7 7. dxc6 bxc6
8. Bc4 Nf6 9. Nf3 O-O 10. O-O Re8 11. Nc3 Bd6 12. Ne4 Nxe4 13. Qxe4 e5 14.
Rfe1 Qf6 15. Qh4 Qg6 16. Bd3 f5 17. Nxe5 Bxe5 18. Rxe5 Rxe5 19. Bxe5 Re8 20.
f4 Be6 21. Re1 Bd5 22. Qg3 Qf7 23. Qg5 h6 24. Qxf5 Qxf5 25. Bxf5 {Black
resigns} 1-0

[Event "ICC Open 2015"]
[Site "Internet Chess Club"]
[Date "2015.05.30"]
[Round "1"]
[White "DogGambit"]
[Black "DANGEROUS-BEAST"]
[Result "0-1"]
[ICCResult "White resigns"]
[WhiteElo "1659"]
[BlackElo "2342"]
[Opening "Ruy Lopez: Anderssen variation"]
[ECO "C77"]
[NIC "RL.12"]
[Time "14:05:03"]
[TimeControl "180+0"]

1. e4 e5 2. Nf3 Nc6 3. Bb5 a6 4. Ba4 Nf6 5. d3 b5 6. Bb3 d6 7. c3 g6 8. h3
Bg7 9. Qe2 O-O 10. Nbd2 Na5 11. Bc2 c5 12. Nf1 Bb7 13. Bg5 h6 14. Be3 Qc7
15. g4 d5 16. O-O-O d4 17. cxd4 cxd4 18. Bd2 Rac8 19. Bxa5 Qxa5 20. Kb1 Nd7
21. Bb3 Nc5 22. Bd5 Bxd5 23. exd5 Rfe8 24. Ng3 Na4 25. Ne4 Qb4 26. Qd2 Nc3+
27. Nxc3 dxc3 28. Qc2 cxb2 29. Qxb2 Qxb2+ 30. Kxb2 e4+ {White resigns} 0-1

[Event "ICC Open 2015"]
[Site "Internet Chess Club"]
[Date "2015.05.30"]
[Round "1"]
[White "TacticsTime"]
[Black "santiagoelawad"]
[Result "0-1"]
[ICCResult "White checkmated"]
[WhiteElo "1309"]
[BlackElo "2054"]
[Opening "Caro-Kann: Steinitz variation"]
[ECO "B17"]
[NIC "CK.09"]
[Time "14:04:04"]
[TimeControl "180+0"]

1. e4 c6 2. d4 d5 3. Nc3 dxe4 4. Nxe4 Nd7 5. Bc4 Ngf6 6. Nxf6+ Nxf6 7. Nf3
Bf5 8. O-O e6 9. Re1 Be7 10. Bg5 Bg4 11. c3 O-O 12. h3 Bh5 13. Rc1 Nd5 14.
Bxe7 Qxe7 15. Bxd5 cxd5 16. Qd3 Bxf3 17. Qxf3 Qc7 18. Re5 b5 19. Rce1 Rab8
20. a3 a5 21. Rh5 b4 22. axb4 axb4 23. Qg4 bxc3 24. bxc3 Qxc3 25. Re3 Rb1+
26. Kh2 Qc2 27. Rg3 g6 28. Qh4 Qd1 29. Rxh7 Qh1# {White checkmated} 0-1

[Event "ICC Open 2015"]
[Site "Internet Chess Club"]
[Date "2015.05.30"]
[Round "1"]
[White "xionoula"]
[Black "olimpioMD"]
[Result "1-0"]
[ICCResult "Black resigns"]
[WhiteElo "2185"]
[BlackElo "1419"]
[Opening "Queen's pawn, Mason variation"]
[ECO "D00"]
[NIC "QP.08"]
[Time "14:04:16"]
[TimeControl "180+0"]

1. d4 d5 2. Bf4 Bf5 3. e3 Nf6 4. Nf3 e6 5. c4 Bb4+ 6. Nc3 Ne4 7. Rc1 Nxc3 8.
bxc3 Bd6 9. Bxd6 cxd6 10. cxd5 exd5 11. Bd3 Bg4 12. h3 Bh5 13. Be2 Bg6 14.
O-O O-O 15. Qb3 b6 16. Qxd5 Nd7 17. Qxd6 Nf6 18. Qxd8 Rfxd8 19. Ne5 a5 20.
Nxg6 hxg6 21. c4 Rab8 22. Rb1 Ne4 23. Rb2 Nc3 24. Rc1 Na4 25. Rb5 Rdc8 26.
Bd1 f5 27. Bxa4 f4 28. Bb3 fxe3 29. fxe3 Kh7 30. Re1 g5 31. Rxg5 Kh6 32. Rb5
Rc6 33. d5 Rf6 34. e4 Rbf8 35. e5 Rf2 36. Rxb6+ Kh7 37. Rc1 Rb2 38. Rc2 Rb1+
39. Kh2 Re1 40. e6 Re3 41. c5 Rf4 42. c6 Rb4 43. Rxb4 axb4 44. c7
{Black resigns}
1-0

[Event "ICC Open 2015"]
[Site "Internet Chess Club"]
[Date "2015.05.30"]
[Round "1"]
[White "arnootje01"]
[Black "Ricotero"]
[Result "0-1"]
[ICCResult "White resigns"]
[WhiteElo "1170"]
[BlackElo "1994"]
[Opening "Latvian counter-gambit"]
[ECO "C40"]
[NIC "KP.09"]
[Time "14:04:30"]
[TimeControl "180+0"]

1. e4 e5 2. Nf3 f5 3. Nxe5 Qf6 4. d4 d6 5. Nf3 fxe4 6. Bg5 Qf5 7. Qe2 Be7 8.
Nbd2 exf3 9. Qe3 fxg2 10. Bxg2 Qxg5 11. Qxg5 Bxg5 12. O-O-O Ne7 13. Rhe1 O-O
14. Kb1 Rxf2 15. Bh1 Nbc6 16. Ne4 Rf5 17. Nxg5 Rxg5 18. Rxe7 Nxe7 19. Re1
Nc6 20. Bd5+ Rxd5 {White resigns} 0-1

[Event "ICC Open 2015"]
[Site "Internet Chess Club"]
[Date "2015.05.30"]
[Round "1"]
[White "Borknagar"]
[Black "DrSteelHammer"]
[Result "0-1"]
[ICCResult "White resigns"]
[WhiteElo "1968"]
[BlackElo "3187"]
[Opening "Queen's pawn game"]
[ECO "D02"]
[NIC "QP.08"]
[Time "14:04:09"]
[TimeControl "180+0"]

1. d4 d5 2. Nf3 c6 3. e3 e6 4. c4 f5 5. Nbd2 Nf6 6. Bd3 Bd6 7. O-O O-O 8. b3
Ne4 9. Bb2 Nd7 10. c5 Bc7 11. b4 Qf6 12. a4 g5 13. b5 g4 14. Ne1 Ndxc5 15.
Bxe4 Nxe4 16. bxc6 bxc6 17. Nxe4 fxe4 18. g3 Qf5 19. Ba3 Rf6 20. Ng2 Rh6 21.
Nh4 Qg5 22. Ng2 Rh3 23. Nf4 Bxf4 24. exf4 Qh5 25. Re1 Rxh2 26. Kf1 Ba6+
{White resigns}
0-1

[Event "ICC Open 2015"]
[Site "Internet Chess Club"]
[Date "2015.05.30"]
[Round "1"]
[White "hansvanperken"]
[Black "TasteOflover"]
[Result "0-1"]
[ICCResult "White resigns"]
[WhiteElo "1834"]
[BlackElo "2816"]
[Opening "French: Rubinstein variation"]
[ECO "C10"]
[NIC "FR.07"]
[Time "14:04:58"]
[TimeControl "180+0"]

1. e4 e6 2. d4 d5 3. Nc3 dxe4 4. Nxe4 Nd7 5. Bd3 Ngf6 6. Qe2 Be7 7. Nf3 O-O
8. Bd2 Nxe4 9. Bxe4 Nf6 10. O-O-O Nxe4 11. Qxe4 Qd5 12. Rhe1 Qxa2 13. c3 Bd7
14. Qb1 Qxb1+ 15. Kxb1 Bc6 16. Kc2 Rfd8 17. Ne5 Bxg2 18. Rg1 Be4+ 19. Kb3
Bf6 20. Ng4 Be7 21. Rde1 Bg6 22. Bf4 Rac8 23. Ne3 Kf8 24. f3 c5 25. d5 exd5
26. c4 dxc4+ 27. Nxc4 b5 28. Ne5 c4+ 29. Kc3 a5 {White resigns} 0-1

[Event "ICC Open 2015"]
[Site "Internet Chess Club"]
[Date "2015.05.30"]
[Round "1"]
[White "Volkov"]
[Black "Sunbear"]
[Result "1-0"]
[ICCResult "Black checkmated"]
[WhiteElo "2980"]
[BlackElo "1914"]
[Opening "Queen's pawn: English defense"]
[ECO "A40"]
[NIC "VO.02"]
[Time "14:07:11"]
[TimeControl "180+0"]

1. d4 b6 2. e4 Bb7 3. Bd3 f5 4. exf5 Bxg2 5. Qh5+ g6 6. fxg6 Bg7 7. gxh7+
Kf8 8. Ne2 Bxh1 9. Nf4 Nf6 10. Ng6+ Kf7 11. Nxh8+ Ke6 12. Qe5#
{Black checkmated}
1-0

[Event "ICC Open 2015"]
[Site "Internet Chess Club"]
[Date "2015.05.30"]
[Round "1"]
[White "Rembrand"]
[Black "Wahman"]
[Result "0-1"]
[ICCResult "White resigns"]
[WhiteElo "2115"]
[BlackElo "1961"]
[Opening "Sicilian: Anderssen variation"]
[ECO "B41"]
[NIC "SI.41"]
[Time "14:04:20"]
[TimeControl "180+0"]

1. e4 c5 2. Nf3 e6 3. d4 cxd4 4. Nxd4 Nf6 5. Bd3 Nc6 6. Nb3 d5 7. exd5 Nxd5
8. O-O Be7 9. a3 O-O 10. c4 Nf6 11. Qe2 e5 12. Nc3 Be6 13. Bg5 Re8 14. Rad1
Qb6 15. Qc2 h6 16. Bh4 Rad8 17. Bxf6 Bxf6 18. Ne4 Be7 19. c5 Qxb3 20. Qe2 f5
21. Ng3 e4 22. Bb1 Bc4 23. Qh5 Bxf1 24. Rxf1 Qf7 25. Qh3 Nd4 26. b4 Kh8 27.
Nh5 Bg5 28. Ng3 Ne2+ 29. Nxe2 f4 30. Qc3 f3 31. Ng3 fxg2 32. Kxg2 e3 33. Qc2
g6 34. f4 Rd2+ 35. Qxd2 exd2 36. fxg5 Qxf1+ 37. Nxf1 d1=Q {White resigns}
0-1

[Event "ICC Open 2015"]
[Site "Internet Chess Club"]
[Date "2015.05.30"]
[Round "1"]
[White "JustKid"]
[Black "sanjithc"]
[Result "1-0"]
[ICCResult "Black checkmated"]
[WhiteElo "2128"]
[BlackElo "1567"]
[Opening "King's Indian, 3.Nf3"]
[ECO "E67"]
[NIC "KI.79"]
[Time "14:04:01"]
[TimeControl "180+0"]

1. d4 Nf6 2. Nf3 g6 3. c4 Bg7 4. g3 d6 5. Bg2 O-O 6. O-O Nbd7 7. Nc3 c6 8.
e4 Qc7 9. h3 e5 10. Be3 Ne8 11. Re1 f5 12. exf5 gxf5 13. Ng5 Ndf6 14. dxe5
dxe5 15. Bc5 f4 16. Bxf8 Bxf8 17. Nce4 Bg7 18. Nxf6+ Nxf6 19. Ne4 fxg3 20.
fxg3 Be6 21. b3 Rf8 22. Qd6 Qb6+ 23. c5 Nxe4 24. Qxe6+ Rf7 25. cxb6 Ng5 26.
Qc8+ Rf8 27. Qxb7 axb6 28. Rad1 Ne6 29. Qxc6 Nd4 30. Rxd4 exd4 31. Qd5+ Kh8
32. Re7 Bf6 33. Rb7 Rd8 34. Qf5 Bg7 35. Be4 Kg8 36. Qxh7+ Kf8 37. Qxg7+ Ke8
38. Qf7# {Black checkmated} 1-0

[Event "ICC Open 2015"]
[Site "Internet Chess Club"]
[Date "2015.05.30"]
[Round "1"]
[White "Meditator"]
[Black "klodshans"]
[Result "1-0"]
[ICCResult "Black resigns"]
[WhiteElo "2293"]
[BlackElo "1582"]
[Opening "Modern defense: Averbakh system, Kotov variation"]
[ECO "A42"]
[NIC "KF.03"]
[Time "14:04:16"]
[TimeControl "180+0"]

1. d4 d6 2. c4 g6 3. Nc3 Bg7 4. e4 Nc6 5. Be3 e5 6. d5 Nce7 7. f3 f5 8. Qd2
f4 9. Bf2 a5 10. c5 Nh6 11. O-O-O O-O 12. g4 fxg3 13. hxg3 Nf7 14. Kb1 h5
15. Nh3 Bh6 16. Be3 Bxe3 17. Qxe3 Kh7 18. g4 Ng8 19. gxh5 gxh5 20. Bd3 Bxh3
21. Rxh3 Qg5 22. f4 exf4 23. Qf3 Ngh6 24. Rxh5 Qg3 25. e5+ Kh8 26. Qxg3 fxg3
27. e6 Kg7 28. exf7 Nxf7 29. Rh7+ Kg8 30. Rg1 {Black resigns} 1-0

[Event "ICC Open 2015"]
[Site "Internet Chess Club"]
[Date "2015.05.30"]
[Round "1"]
[White "leonardoalmeida"]
[Black "LittlePeasant"]
[Result "0-1"]
[ICCResult "White resigns"]
[WhiteElo "1828"]
[BlackElo "2769"]
[Opening "Van't Kruijs opening"]
[ECO "A00"]
[Time "14:03:41"]
[TimeControl "180+0"]

1. e3 Nf6 2. b3 c5 3. Bb2 Nc6 4. Nf3 d5 5. d4 cxd4 6. Nxd4 g6 7. Be2 Bg7 8.
O-O O-O 9. a3 Qc7 10. Nd2 Rd8 11. N2f3 a6 12. Nxc6 bxc6 13. Qc1 c5 14. c4 e6
15. cxd5 exd5 16. Rd1 Bb7 17. h3 Rac8 18. Qc2 Qe7 19. Rac1 Re8 20. Qc3 d4
21. Qd2 Nd5 22. Bc4 dxe3 23. fxe3 Qxe3+ 24. Qxe3 Nxe3 25. Bxg7 Nxd1 26. Rxd1
Bxf3 27. gxf3 Kxg7 28. Rd7 Rf8 29. Bxa6 Ra8 30. Bc4 Rxa3 31. Rc7 Ra5 32. Kg2
h5 33. h4 Kf6 34. Kg3 Ra1 35. Rxc5 Re8 36. Rc6+ Kg7 37. Rc7 Rf8 38. Kf4 Rb1
39. Kg3 Rb2 40. Kf4 Rd2 41. Kg3 Rd6 42. Kf4 Rf6+ 43. Kg3 Rd8 44. Rc5 Rd2 45.
Rc7 Rc2 46. Rb7 Rc3 47. Bd5 Rd3 48. Be4 Rd4 49. Rb6 Rxb6 {White resigns} 0-1

[Event "ICC Open 2015"]
[Site "Internet Chess Club"]
[Date "2015.05.30"]
[Round "1"]
[White "Bartof"]
[Black "VerdeNotte"]
[Result "0-1"]
[ICCResult "White resigns"]
[WhiteElo "1903"]
[BlackElo "2916"]
[Opening "Nimzo-Indian: Simagin variation"]
[ECO "E46"]
[NIC "NI.10"]
[Time "14:04:33"]
[TimeControl "180+0"]

1. d4 Nf6 2. c4 e6 3. Nc3 Bb4 4. e3 O-O 5. Ne2 d5 6. a3 Bd6 7. cxd5 exd5 8.
Ng3 c6 9. Bd3 Re8 10. O-O a5 11. Qc2 Na6 12. Bd2 Nc7 13. Rae1 Ne6 14. Nf5
Bf8 15. Ne2 g6 16. Nh4 Ne4 17. Nf3 N6g5 18. Ng3 Nxf3+ 19. gxf3 Nxd2 20. Qxd2
Bh3 21. f4 a4 22. Rc1 Bxf1 23. Bxf1 Qa5 24. Qe2 f5 25. Qf3 Qb6 26. Qe2 Ra5
27. Qd2 Rd8 28. Bd3 c5 29. dxc5 Rxc5 30. Rd1 Bg7 31. Rb1 Qb3 32. Ne2 d4 33.
e4 fxe4 34. Bxe4 d3 35. Ng3 Qc2 36. Rd1 Qxd2 37. Rxd2 Rc2 38. Rxd3 Rxd3 39.
Bxd3 Rxb2 40. Ne4 Kf8 41. Bc4 b5 42. Bd5 b4 43. axb4 a3 44. Nc5 a2 45. Ne6+
Kg8 46. Ng5+ Kf8 47. Ne6+ Ke7 48. Bxa2 Rxa2 49. Nxg7 Kf7 {White resigns} 0-1

[Event "ICC Open 2015"]
[Site "Internet Chess Club"]
[Date "2015.05.30"]
[Round "1"]
[White "RichardZ"]
[Black "BlueJ"]
[Result "0-1"]
[ICCResult "White checkmated"]
[WhiteElo "1413"]
[BlackElo "2174"]
[Opening "Sicilian: Taimanov (Bastrikov) variation"]
[ECO "B47"]
[NIC "SI.40"]
[Time "14:04:57"]
[TimeControl "180+0"]

1. e4 c5 2. Nf3 e6 3. d4 cxd4 4. Nxd4 Nc6 5. Nc3 Qc7 6. g3 a6 7. Bg2 Nf6 8.
Nxc6 dxc6 9. Bf4 e5 10. Be3 h5 11. f4 Ng4 12. Qe2 Nxe3 13. Qxe3 exf4 14.
Qxf4 Bd6 15. Qe3 Qe7 16. O-O-O Be5 17. Rhf1 O-O 18. Bf3 Bg4 19. Bxg4 hxg4
20. a3 b5 21. Na2 a5 22. Qb6 Qe6 23. Rd2 Qxa2 24. Rdd1 Qa1+ 25. Kd2 Qxb2 26.
Ke2 Qxc2+ 27. Ke1 Bc3+ 28. Rd2 Qxd2# {White checkmated} 0-1

[Event "ICC Open 2015"]
[Site "Internet Chess Club"]
[Date "2015.05.30"]
[Round "1"]
[White "JRussell2"]
[Black "FytinFrank"]
[Result "0-1"]
[ICCResult "White checkmated"]
[WhiteElo "1259"]
[BlackElo "2036"]
[Opening "Caro-Kann defense"]
[ECO "B10"]
[NIC "CK.01"]
[Time "14:04:38"]
[TimeControl "180+0"]

1. e4 c6 2. Nf3 g6 3. d4 d5 4. exd5 cxd5 5. Nc3 Nc6 6. Bb5 Bg4 7. Bxc6+ bxc6
8. Be3 Bg7 9. O-O Nh6 10. h3 Bxf3 11. Qxf3 Nf5 12. Rfe1 Nxd4 13. Bxd4 Bxd4
14. Qe2 e6 15. Rad1 Bxc3 16. bxc3 O-O 17. Qe3 Qa5 18. Ra1 Rab8 19. Qd4 Rb2
20. a4 Rxc2 21. Rec1 Rxc1+ 22. Rxc1 Rb8 23. Qh4 Rb3 24. c4 Qd2 25. Ra1 Rb4
26. Qd8+ Kg7 27. g4 Rxc4 28. h4 Rxg4+ 29. Kf1 Qd3+ 30. Ke1 Re4#
{White checkmated}
0-1

[Event "ICC Open 2015"]
[Site "Internet Chess Club"]
[Date "2015.05.30"]
[Round "1"]
[White "vicmel"]
[Black "EREBUNI"]
[Result "0-1"]
[ICCResult "White resigns"]
[WhiteElo "1955"]
[BlackElo "3058"]
[Opening "Sicilian: Kan, Polugaievsky variation"]
[ECO "B42"]
[NIC "SI.42"]
[Time "14:03:43"]
[TimeControl "180+0"]

1. e4 c5 2. Nf3 e6 3. d4 cxd4 4. Nxd4 a6 5. Bd3 Bc5 6. Nb3 Be7 7. Qg4 g6 8.
Qe2 d6 9. c4 b6 10. Be3 Bb7 11. Nc3 Nf6 12. O-O h5 13. h3 h4 14. Bg5 Nc6 15.
Rae1 Nd7 16. Bxe7 Qxe7 17. f4 Nc5 18. Bc2 O-O-O 19. Nxc5 dxc5 20. Qf2 Rd4
21. b3 Rhd8 22. Re2 Nb4 23. Bb1 Kb8 24. a3 Nd3 25. Bxd3 Rxd3 26. Re3 Rd2 27.
Qf3 f5 28. Rfe1 Rb2 29. Na4 Ra2 30. Qf1 Rdd2 31. R1e2 Qd6 32. Rxd2 Qxd2 33.
Nxb6 Qxe3+ 34. Kh1 Bxe4 35. Nd7+ Kc7 36. Nxc5 Bxg2+ 37. Qxg2 Rxg2 38. Kxg2
Qxc5 {White resigns} 0-1

[Event "ICC Open 2015"]
[Site "Internet Chess Club"]
[Date "2015.05.30"]
[Round "1"]
[White "MadMad"]
[Black "Massarioli"]
[Result "0-1"]
[ICCResult "White resigns"]
[WhiteElo "1384"]
[BlackElo "2085"]
[Opening "QGD Slav: 4.Nc3"]
[ECO "D15"]
[NIC "SL.03"]
[Time "14:05:08"]
[TimeControl "180+0"]

1. d4 d5 2. c4 c6 3. Nf3 Nf6 4. Nc3 a6 5. g3 b5 6. cxd5 cxd5 7. Bg2 Bb7 8.
O-O e6 9. Nd2 Be7 10. e4 dxe4 11. Ndxe4 Nxe4 12. Nxe4 O-O 13. Be3 Bd5 14.
Nc5 Bxg2 15. Kxg2 Nd7 16. Rc1 Nf6 17. a3 Nd5 18. Bd2 Bf6 19. Bc3 Be7 20. b4
Nb6 21. Ba1 Nc4 22. Qg4 Qd5+ 23. f3 Bf6 24. Ne4 Ne3+ 25. Kh3 Nxg4
{White resigns}
0-1

[Event "ICC Open 2015"]
[Site "Internet Chess Club"]
[Date "2015.05.30"]
[Round "1"]
[White "Giantvin"]
[Black "JAscorpio"]
[Result "1-0"]
[ICCResult "Black checkmated"]
[WhiteElo "1994"]
[BlackElo "1172"]
[Opening "QGD: Tarrasch defense"]
[ECO "D32"]
[NIC "TD.11"]
[Time "14:03:52"]
[TimeControl "180+0"]

1. d4 e6 2. c4 d5 3. Nc3 c5 4. cxd5 exd5 5. Nf3 Qb6 6. Nxd5 Qa5+ 7. Bd2 Qd8
8. e4 Be6 9. Bb5+ Nc6 10. Nf4 Bd7 11. d5 Nb4 12. Bxd7+ Qxd7 13. Bxb4 cxb4
14. O-O O-O-O 15. Rc1+ Kb8 16. Qd4 Nf6 17. Ne5 Qb5 18. Nxf7 Bc5 19. Qe5+ Ka8
20. Nxd8 Rxd8 21. Qc7 b6 22. Qxd8+ Kb7 23. d6 Ka6 24. Qc8+ Ka5 25. e5 Ng4
26. Rxc5 Qxc5 27. Qxc5+ bxc5 28. d7 Nf6 29. d8=Q+ Ka4 30. exf6 gxf6 31. Qd7+
Ka5 32. Rc1 a6 33. Rxc5+ Kb6 34. Rc6+ Ka5 35. Qd5+ Ka4 36. Rb6 a5 37. Qb3#
{Black checkmated}
1-0

[Event "ICC Open 2015"]
[Site "Internet Chess Club"]
[Date "2015.05.30"]
[Round "1"]
[White "PADILLON2189"]
[Black "centrepawn"]
[Result "1-0"]
[ICCResult "Black forfeits on time"]
[WhiteElo "2044"]
[BlackElo "1280"]
[Opening "QGD semi-Slav"]
[ECO "D43"]
[NIC "QP.08"]
[Time "14:03:58"]
[TimeControl "180+0"]

1. d4 d5 2. Nf3 c6 3. c4 e6 4. Nc3 Nf6 5. Bg5 Be7 6. e3 O-O 7. Qc2 h6 8. Bh4
Ng4 9. Bg3 Bd6 10. Bxd6 Qxd6 11. h3 Nf6 12. a3 Re8 13. Bd3 Na6 14. O-O c5
15. cxd5 exd5 16. Nb5 Qd7 17. dxc5 Nxc5 18. Qxc5 Ne4 19. Qc2 Nf6 20. Nc7 Qd6
21. Nxa8 Bxh3 22. gxh3 Nh5 23. Qc7 {Black forfeits on time} 1-0

[Event "ICC Open 2015"]
[Site "Internet Chess Club"]
[Date "2015.05.30"]
[Round "1"]
[White "Radja"]
[Black "jugador"]
[Result "1-0"]
[ICCResult "Black resigns"]
[WhiteElo "2404"]
[BlackElo "1689"]
[Opening "Sicilian: dragon, Yugoslav attack, 9...Bd7"]
[ECO "B77"]
[NIC "SI.18"]
[Time "14:04:47"]
[TimeControl "180+0"]

1. e4 c5 2. Nf3 d6 3. d4 cxd4 4. Nxd4 Nf6 5. Nc3 g6 6. Be3 Bg7 7. f3 Nc6 8.
Qd2 O-O 9. Bc4 Bd7 10. h4 Qb8 11. h5 Nxh5 12. g4 Nf6 13. O-O-O Rc8 14. Bb3
a5 15. a4 Ne5 16. Bh6 Bh8 17. Bg5 Nc4 18. Qh2 Be6 19. Bxf6 Bxf6 20. Qxh7+
Kf8 21. Ncb5 Rc5 22. Kb1 Qd8 23. Nxe6+ fxe6 24. Nd4 Qd7 25. Qxg6 e5 26. Rh7
{Black resigns}
1-0

[Event "ICC Open 2015"]
[Site "Internet Chess Club"]
[Date "2015.05.30"]
[Round "1"]
[White "Darnoc"]
[Black "motipen"]
[Result "1-0"]
[ICCResult "Black resigns"]
[WhiteElo "2987"]
[BlackElo "1931"]
[Opening "QGA: classical, 6...a6"]
[ECO "D27"]
[NIC "QG.07"]
[Time "14:05:07"]
[TimeControl "180+0"]

1. d4 d5 2. c4 dxc4 3. e3 Nf6 4. Bxc4 e6 5. Nf3 c5 6. O-O a6 7. dxc5 Bxc5 8.
Qxd8+ Kxd8 9. Nbd2 b5 10. Be2 Bb7 11. a4 bxa4 12. Rxa4 Nbd7 13. Nb3 Bd6 14.
Na5 Bd5 15. Nd2 Nb6 16. Ra1 Ke7 17. f3 Ra7 18. e4 Ba8 19. Ndb3 Rc8 20. Be3
Nfd7 21. Rfc1 Rxc1+ 22. Rxc1 Rc7 23. Rxc7 Bxc7 24. Bxa6 Na4 25. Nc4 Ne5 26.
Nbd2 Nxb2 27. Nxb2 {Black resigns} 1-0

[Event "ICC Open 2015"]
[Site "Internet Chess Club"]
[Date "2015.05.30"]
[Round "1"]
[White "Tut"]
[Black "chesstempo2"]
[Result "1-0"]
[ICCResult "Black checkmated"]
[WhiteElo "3213"]
[BlackElo "1974"]
[Opening "QGD Slav defense"]
[ECO "D10"]
[NIC "SL.01"]
[Time "14:03:45"]
[TimeControl "180+0"]

1. d4 d5 2. c4 c6 3. e3 Nf6 4. Bd3 e6 5. b3 Nbd7 6. Nf3 Bd6 7. Bb2 O-O 8.
O-O Re8 9. Ne5 Nf8 10. Nd2 Qe7 11. Rc1 c5 12. dxc5 Bxc5 13. Ndf3 Bd7 14. Ng5
dxc4 15. Rxc4 h6 16. Ngxf7 Bb5 17. Rh4 Bxd3 18. Qxd3 Nd5 19. Rxh6 gxh6 20.
Nxh6+ Kg7 21. Nc6+ Kxh6 22. Nxe7 Bxe7 23. e4 Nf6 24. Kh1 Ng6 25. Qh3+ Kg7
26. Qxe6 Rad8 27. g4 Rd6 28. Bxf6+ Kh6 29. g5+ Kh7 30. Qf7# {Black
checkmated} 1-0

[Event "ICC Open 2015"]
[Site "Internet Chess Club"]
[Date "2015.05.30"]
[Round "1"]
[White "OptimusMagister"]
[Black "outubro2"]
[Result "1-0"]
[ICCResult "Black checkmated"]
[WhiteElo "2273"]
[BlackElo "1614"]
[Opening "Vienna: Paulsen-Mieses variation"]
[ECO "C26"]
[NIC "VG.01"]
[Time "14:03:46"]
[TimeControl "180+0"]

1. Nc3 Nf6 2. e4 e5 3. g3 Nc6 4. d3 Bc5 5. Bg2 d6 6. Nge2 a6 7. O-O O-O 8.
h3 Be6 9. Kh2 Re8 10. f4 exf4 11. Bxf4 d5 12. Bg5 Be7 13. Bxf6 Bxf6 14. exd5
Bxd5 15. Nxd5 Bxb2 16. Rb1 Be5 17. Rxb7 Qd6 18. Nef4 Nd4 19. Nxc7 Bxf4 20.
Rxf4 Ne2 21. Rg4 h5 22. Nxe8 Rxe8 23. Be4 hxg4 24. Qxe2 gxh3 25. Qh5 Kf8 26.
Qxf7# {Black checkmated} 1-0

[Event "ICC Open 2015"]
[Site "Internet Chess Club"]
[Date "2015.05.30"]
[Round "1"]
[White "WhiteAttack"]
[Black "SPARNALIQ"]
[Result "0-1"]
[ICCResult "White forfeits on time"]
[WhiteElo "1832"]
[BlackElo "2799"]
[Opening "St. George (Baker) defense"]
[ECO "B00"]
[NIC "VO.17"]
[Time "14:04:32"]
[TimeControl "180+0"]

1. e4 a6 2. d4 b5 3. Bd3 Bb7 4. Nf3 e6 5. O-O Be7 6. a4 b4 7. c3 Nf6 8. e5
Nd5 9. c4 Nb6 10. a5 Nc8 11. Be3 d6 12. Nbd2 Nd7 13. Qc2 Na7 14. Bxh7 Nc6
15. Be4 dxe5 16. Nxe5 Ndxe5 17. dxe5 Qb8 18. Qa4 Kd7 19. Nb3 Qe8 20. Nd4 Kc8
21. Nxc6 Rh4 22. Na7+ Kd8 23. Rad1+ Bd6 24. Nc6+ Bxc6 25. Bxc6 Qe7 26. exd6
cxd6 27. c5 d5 28. Bxd5 Qc7 29. g3 Ke7 30. Bg5+ f6 31. Bxh4 Rd8 32. Be4 Rc8
33. Rd7+ Qxd7 34. Qxd7+ Kxd7 35. c6+ Ke7 36. Rd1 Rc7 37. Rd7+ Rxd7 38. cxd7
Kxd7 39. Bd3 b3 40. Bc4 e5 41. Bxa6 g5 42. Bc4 gxh4 43. Bxb3 hxg3 44. hxg3
e4 45. Kg2 e3 46. Bc2 e2 {White forfeits on time} 0-1

[Event "ICC Open 2015"]
[Site "Internet Chess Club"]
[Date "2015.05.30"]
[Round "1"]
[White "Piranha"]
[Black "delerio"]
[Result "0-1"]
[ICCResult "White resigns"]
[WhiteElo "1779"]
[BlackElo "2632"]
[Opening "Vienna gambit"]
[ECO "C29"]
[NIC "VG.03"]
[Time "14:05:02"]
[TimeControl "180+0"]

1. e4 e5 2. Nc3 Nf6 3. f4 d5 4. fxe5 Nxe4 5. Nf3 Nc6 6. Qe2 Bf5 7. d3 Nxc3
8. bxc3 Be7 9. Bf4 O-O 10. d4 Na5 11. Qd2 c5 12. Bd3 Bxd3 13. cxd3 cxd4 14.
Nxd4 Rc8 15. O-O Nc6 16. Nf5 Re8 17. Rae1 Bf8 18. Qb2 b6 19. Nd4 Nxd4 20.
cxd4 Re6 21. Rc1 Rec6 22. Rxc6 Rxc6 23. Rc1 Qc8 24. Rxc6 Qxc6 25. Qc1 Qa4
26. Qc8 Qxd4+ {White resigns} 0-1